 Dungeon Crawl Stone Soup version 0.18.1-50-g88ac8fd (webtiles) character file.

111 roflturtle the Shield-Bearer (level 5, 0/42 HPs)
             Began as a Formicid Fighter on Oct 17, 2016.
             Succumbed to a worker ant's poison
             ... on level 4 of the Dungeon.
             The game lasted 00:08:08 (1877 turns).

roflturtle the Shield-Bearer (Formicid Fighter)     Turns: 1877, Time: 00:08:08

Health: 0/42       AC:  6    Str: 22    XL:     5   Next: 15%
Magic:  5/5        EV:  8    Int: 12    God:
Gold:   107        SH:  9    Dex: 10    Spells: 0 memorised, 4 levels left

rFire  . . .     SeeInvis +     a - +0 long sword
rCold  . . .     Gourm    .     b - +0 scale mail
rNeg   . . .     Faith    .     c - +0 shield
rPois  .         Spirit   .     (helmet unavailable)
rElec  .         Dismiss  .     (no cloak)
rCorr  .         Reflect  .     (no gloves)
SustAt .         Harm     .     (no boots)
MR     .....                    (no amulet)
Stlth  ..........               (no ring)
                                (no ring)

@: brilliant, lethally poisoned (0 -> -7), very slightly contaminated,
invisible, not resistant to hostile enchantments, extremely unstealthy
A: permanent stasis, dig shafts and tunnels, four strong arms, antennae 3
a: Dig, Shaft Self


You were on level 4 of the Dungeon.
You were hungry.

You visited 1 branch of the dungeon, and saw 4 of its levels.

You collected 107 gold pieces.

Inventory:

Hand Weapons
 a - a +0 long sword (weapon)
 s - a cursed -2 dagger
 v - a +1 dagger of speed
 y - a +1 dagger of venom
 E - a +0 falchion
 G - a +0 long sword
Missiles
 l - 8 tomahawks (quivered)
Armour
 b - a +0 scale mail (worn)
 c - a +0 shield (worn)
 t - a cursed +0 large shield
Jewellery
 e - an uncursed ring of protection from cold {unknown}
 i - an uncursed amulet of guardian spirit {unknown}
 C - an uncursed ring of sustain attributes {unknown}
Scrolls
 j - 5 scrolls of identify {unknown}
 k - 2 scrolls of random uselessness {unknown}
 m - 2 scrolls of teleportation {unknown}
 q - a scroll of blinking {unknown}
 r - a scroll of enchant weapon {unknown}
 u - a scroll of remove curse {unknown}
 w - a scroll of amnesia {unknown}
 F - a scroll of recharging {unknown}
Potions
 d - a potion of might
 g - a potion of berserk rage {unknown}
 h - a potion of degeneration {unknown}
 n - a potion of agility {unknown}
 o - a potion of ambrosia {unknown}
 x - 2 potions of brilliance
Books
 D - a book of Fire

   Spells                             Type                      Level
   a - Ignite Poison                  Fire/Transmutation/Poison    3
   b - Fireball                       Conjuration/Fire             5
   c - Bolt of Fire                   Conjuration/Fire             6
   d - Delayed Fireball               Conjuration/Fire             7
   e - Ring of Flames                 Charms/Fire                  7
Comestibles
 f - a bread ration
 p - 2 beef jerkies
 A - 7 chunks of flesh
 B - 2 meat rations


   Skills:
 - Level 4.0 Fighting
 - Level 4.0 Long Blades
 + Level 3.6 Armour
 - Level 4.0 Shields


You had 4 spell levels left.
You didn't know any spells.

Dungeon Overview and Level Annotations

Branches:
Dungeon (4/15)
 Temple: D:4-7

Altars:
Gozag


Innate Abilities, Weirdness & Mutations

You are under a permanent stasis effect.
You can dig through walls and to a lower floor.
Your four strong arms can wield two-handed weapons with a shield.
You have a pair of large antennae on your head (SInv).


Message History

* * * LOW HITPOINT WARNING * * *
You feel sick.
Drink which item? (? for menu, Esc to quit)
Okay, then.
Quiver which item? (- for none, * to show all) (? for menu, Esc to quit)
Okay, then.
Are you sure you want to abandon this character and quit the game? (Confirm with "yes".)
Okay, then.
Drink which item? (? for menu, Esc to quit)
It was a potion of brilliance.
You feel clever all of a sudden.
* * * LOW HITPOINT WARNING * * *
You feel sick.
Drink which item? (? for menu, Esc to quit)
It was a potion of invisibility.
You fade into invisibility!
You block the worker ant's attack. The howler monkey barely misses you.
You block the howler monkey's attack. The worker ant barely misses you.
You are very lightly contaminated with residual magic.
You die...

#.#.############
#>....>...a....##
##############..###
#.......# #.......#
#.....a.# ######h##
###.a# #.@..# {
#....## #.....#
#.....# #.....##
#......# ######.#
#.## #..# #.#


You could see a howler monkey and 2 worker ants.

Vanquished Creatures
  A centaur zombie (D:3)
  2 adders
  3 dart slugs
  2 giant geckos
  5 orcs
  2 ball pythons (D:2)
  5 giant cockroaches
  7 goblins
  7 hobgoblins
  A quokka (D:2)
  4 bats
  A giant newt (D:2)
  6 kobolds
  5 rats
51 creatures vanquished.

Notes
Turn   | Place    | Note
--------------------------------------------------------------
     0 | D:1      | roflturtle the Formicid Fighter began the quest for the Orb.
     0 | D:1      | Reached XP level 1. HP: 18/18 MP: 1/1
   141 | D:1      | Reached XP level 2. HP: 24/24 MP: 2/2
   550 | D:2      | Reached XP level 3. HP: 30/30 MP: 3/3
   884 | D:2      | Reached XP level 4. HP: 32/37 MP: 4/4
  1420 | D:3      | Found an opulent altar of Gozag.
  1632 | D:3      | Reached XP level 5. HP: 39/42 MP: 5/5
  1874 | D:4      | HP: 2/42 [poisoned by a worker ant]
  1877 | D:4      | Succumbed to a worker ant's poison

Skill      XL: |  1  2  3  4 |
---------------+-------------+-----
Shields        | 4 |  4.0
Fighting       | 4 |  4.0
Long Blades    | 4 |  4.0
Armour         | |  3.6

Action                   |  1- 3 |  4- 6 || total
-------------------------+-------+-------++-------
Melee: Long sword        |   134 |    72 ||   206
Throw: Tomahawk          |       |     2 ||     2
 Abil: Dig               |       |     1 ||     1
  Use: Potion            |       |     2 ||     2
  Eat: Chunk             |       |     3 ||     3
Armor: Scale mail        |    56 |    22 ||    78
Dodge: Dodged            |    40 |    29 ||    69
Block: Shield            |    65 |    39 ||   104
